Map: Dusty Gorge

Players

Throwfordays - Winner!

  • Race: Protoss Protoss
  • League: Bronze
  • Spawn Location: 3:00

Cthulhu - Winner!

  • Race: Protoss Protoss
  • Spawn Location: 5:00

Dustane

  • Race: Zerg Zerg
  • Spawn Location: 9:00

BigTrout

  • Race: Zerg Zerg
  • Spawn Location: 11:00

VOD

Have the link to the VOD?

Description

Time

  • Played on: Jan. 27, 2019, 10:45 p.m.
  • Length: 19:04
Show
View Real Time Build Order
Export as new Build Order

Throwfordays Protoss - Winner!

Build Orders: Oracle Opening 

Get SALT Encoding   

  12  0:01  Probe  
  13  0:13  Probe  
  14  0:21  Pylon  
  14  0:25  Probe  
  15  0:37  Assimilator  
  15  0:39  Probe  
  16  0:50  Gateway  
  16  0:51  Probe  
  17  1:05  Probe  
  18  1:18  Probe  
  19  1:30  Probe  
  20  1:37  Cybernetics Core  
  19  1:42  Probe  
  19  1:43  Warp Gate  
  20  1:49  Nexus  
  20  1:55  Probe  
  21  2:07  Probe  
  21  2:08  Assimilator  
  22  2:10  Pylon  
  22  2:44  Stargate  
  22  2:47  Probe  
  22  2:59  Gateway, Probe  
  23  3:05  Pylon  
  23  3:06  Probe  
  23  3:11  Probe  
  25  3:18  Probe  
  26  3:23  Probe  
  27  3:30  Probe  
  28  3:34  Pylon  
  28  3:36  Probe  
  29  3:42  Probe  
  29  3:45  Oracle  
  29  3:48  Probe  
  34  3:55  Stalker, Probe  
  37  3:59  Stalker  
  37  4:00  Probe  
  40  4:07  Probe  
  41  4:12  Probe  
  39  4:19  Probe  
  39  4:20  Stalker  
  42  4:24  Stalker, Probe  
  45  4:52  Pylon  
  45  4:53  Probe  
  45  4:54  Probe  
  47  5:01  Assimilator  
  47  5:02  Assimilator  
  47  5:05  Probe  
  47  5:06  Probe  
  49  5:14  Protoss Air Weapons Level 1  
  49  5:17  Probe  
  49  5:18  Probe  
  49  5:30  Stalker x2  
  49  5:36  Pylon  
  49  5:39  Oracle  
  49  5:43  Pylon  
  48  6:02  Pylon  
  44  6:05  Pylon  
  44  6:16  Oracle  
  47  6:20  Pylon  
  47  6:27  Probe  
  47  6:30  Probe  
  49  6:39  Probe  
  50  6:40  Stalker  
  52  6:51  Probe  
  50  7:10  Void Ray  
  50  7:15  Probe  
  55  7:16  Protoss Air Armor Level 1  
  55  7:23  Pylon  
  55  7:27  Probe  
  55  7:28  Fleet Beacon  
  56  7:31  Stargate  
  56  7:38  Adept  
  56  7:39  Probe  
  59  7:48  Nexus  
  59  7:52  Pylon  
  59  7:53  Void Ray  
  59  7:57  Pylon  
  63  8:00  Pylon  
  63  8:01  Nexus  
  63  8:11  Gateway  
  63  8:12  Gateway  
  63  8:14  Gateway, Void Ray  
  67  8:26  Void Ray  
  67  8:38  Assimilator  
  67  8:39  Assimilator  
  69  8:43  Assimilator  
  69  8:44  Assimilator  
  69  8:49  Adept  
  69  8:52  Void Ray, Stalker  
  77  9:05  Probe  
  77  9:06  Probe  
  79  9:10  Protoss Air Weapons Level 2, Probe  
  79  9:15  Probe  
  81  9:17  Probe  
  81  9:19  Probe  
  81  9:20  Stargate  
  81  9:21  Stargate  
  81  9:22  Void Ray, Probe  
  88  9:27  Probe  
  88  9:29  Probe  
  88  9:31  Probe  
  91  9:34  Probe  
  92  9:39  Probe  
  92  9:41  Stalker x5, Probe  
  92  9:43  Probe  
  105  9:46  Probe  
  105  9:51  Probe  
  107  9:53  Probe  
  107  9:55  Probe  
  107  9:58  Probe  
  110  10:02  Robotics Facility  
  110  10:03  Probe  
  111  10:47  Probe  
  111  10:49  Probe  
  113  10:51  Probe  
  113  10:52  Probe  
  113  10:53  Void Ray x3  
  113  10:55  Void Ray  
  131  10:59  Probe  
  131  11:01  Probe  
  131  11:02  Robotics Bay  
  131  11:03  Probe  
  134  11:06  Forge  
  134  11:11  Probe  
  135  11:13  Probe  
  136  11:28  Tempest x2  
  136  11:29  Protoss Air Weapons Level 3  
  146  11:43  Tempest  
  146  11:46  Tempest  
  97  13:16  Colossus  
  80  13:33  Pylon  
  81  13:35  Pylon  
  81  13:37  Pylon  
  66  13:52  Tempest x2  
  66  13:53  Tempest x2  
  66  13:55  Mothership  
  94  13:58  Protoss Air Armor Level 2  
  94  14:09  Protoss Ground Weapons Level 1  
  94  14:10  Colossus  
  100  14:25  Extended Thermal Lance  
  100  14:35  Void Ray x4  
  116  14:52  Nexus  
  116  15:01  Probe  
  117  15:13  Probe  
  118  15:18  Void Ray x3  
  130  15:25  Void Ray  
  134  15:30  Forge  
  134  15:33  Forge  
  134  15:44  Pylon x2  
  134  15:48  Pylon  
  134  15:50  Pylon  
  134  15:52  Pylon  
  134  15:54  Pylon  
  134  15:56  Pylon  
  134  16:02  Probe x2  
  136  16:14  Probe  
  125  16:26  Probe  
  126  16:38  Probe  
  127  16:52  Observer  
  128  17:14  Observer  
Show
View Real Time Build Order
Export as new Build Order

Cthulhu Protoss - Winner!

Build Orders: Blink Stalkers 

Get SALT Encoding   

  12  0:01  Probe  
  13  0:15  Probe  
  13  0:17  Pylon  
  14  0:23  Probe  
  15  0:33  Probe  
  16  0:44  Gateway  
  16  0:48  Probe  
  17  1:04  Assimilator  
  17  1:09  Pylon  
  17  1:19  Pylon, Probe  
  17  1:25  Assimilator  
  18  1:27  Probe  
  19  1:33  Cybernetics Core  
  19  1:38  Zealot  
  21  1:47  Gateway  
  21  2:00  Gateway  
  21  2:08  Probe  
  22  2:15  Warp Gate  
  22  2:16  Probe  
  22  2:17  Stalker  
  25  2:36  Stalker  
  27  2:37  Probe  
  28  2:49  Twilight Council  
  28  2:54  Stalker  
  30  3:01  Stalker  
  32  3:12  Pylon  
  32  3:20  Stalker  
  34  3:27  Blink  
  34  3:39  Stalker  
  34  3:40  Stalker  
  36  4:13  Nexus  
  36  4:19  Stalker  
  38  4:29  Forge  
  38  4:33  Probe  
  39  4:45  Probe  
  40  4:48  Protoss Ground Weapons Level 1  
  40  5:10  Templar Archives  
  40  5:13  Pylon  
  34  5:56  Stalker x3  
  40  6:14  Probe x2  
  42  6:22  Probe x2  
  42  6:23  Stalker x3  
  48  6:28  Gateway  
  48  6:29  Gateway  
  48  6:31  Photon Cannon  
  50  6:42  Probe x2  
  52  6:50  Probe x2  
  53  6:59  Probe  
  55  7:09  Stalker x2  
  55  7:10  Stalker  
  61  7:38  Robotics Facility  
  61  7:39  Stalker x4  
  39  8:40  High Templar  
  39  8:41  High Templar  
  39  8:42  Zealot x3  
  39  8:45  Observer  
  39  8:47  Pylon  
  46  8:50  Gateway  
  46  8:54  Nexus  
  46  8:56  Pylon  
  46  8:57  Protoss Ground Armor Level 1  
  46  8:59  Assimilator  
  46  9:01  Probe  
  46  9:05  Pylon  
  46  9:08  Assimilator  
  46  9:09  Probe  
  47  9:10  Assimilator  
  47  9:12  Zealot  
  47  9:13  Zealot x3  
  56  9:19  Probe  
  57  9:31  Probe  
  58  9:39  Photon Cannon  
  58  9:41  Photon Cannon  
  58  10:05  Robotics Bay  
  58  10:08  Gateway  
  58  10:10  Gateway  
  58  10:12  Gateway  
  58  10:14  Gateway  
  58  10:22  Charge  
  58  10:26  Stalker x3  
  64  10:33  Psionic Storm  
  63  11:01  Colossus  
  63  11:02  Protoss Ground Armor Level 2  
  69  11:19  Assimilator  
  55  12:43  Stalker x6  
  67  12:44  Stalker x2  
  67  12:45  Stalker x2  
  75  13:01  Observer  
  76  13:18  Colossus  
  72  13:38  Pylon  
  70  13:54  Pylon  
  60  14:34  Colossus  
  66  14:39  Extended Thermal Lance  
  56  14:55  Stalker x6  
  56  14:56  Stalker x4  
  76  15:00  Protoss Ground Weapons Level 2  
  76  15:23  Zealot x2  
  76  15:27  Colossus  
  86  15:34  Pylon  
  86  15:38  Pylon  
  86  15:41  Pylon  
  86  15:44  Photon Cannon  
  86  15:45  Pylon  
  52  16:26  Stalker x3  
  52  16:27  Stalker x6  
  52  16:28  Stalker  
  64  17:34  Colossus  
Show
View Real Time Build Order
Export as new Build Order

Dustane Zerg 

Build Orders: Hatch First 

Get SALT Encoding   

  12  0:13  Drone  
  13  0:15  Overlord  
  13  0:27  Drone  
  14  1:05  Hatchery  
  14  1:06  Drone  
  14  1:08  Drone  
  14  1:09  Overlord  
  15  1:18  Drone  
  16  1:24  Spawning Pool  
  15  1:27  Extractor  
  15  1:31  Extractor, Drone  
  14  1:46  Drone  
  15  1:53  Drone  
  16  2:04  Drone  
  17  2:11  Drone  
  17  2:13  Queen  
  20  2:20  Roach Warren  
  20  2:22  Drone  
  20  2:28  Drone  
  21  2:31  Drone  
  21  2:36  Drone  
  23  2:39  Drone  
  24  2:44  Drone  
  24  2:49  Drone  
  26  2:57  Drone  
  27  3:04  Spore Crawler  
  26  3:09  Spore Crawler, Drone  
  26  3:11  Queen  
  28  3:14  Drone  
  28  3:19  Drone  
  30  3:21  Drone  
  31  3:29  Roach  
  31  3:30  Roach  
  31  3:32  Drone  
  36  3:42  Overlord  
  36  3:43  Overlord  
  36  3:58  Spine Crawler  
  36  4:02  Roach x3  
  41  4:04  Roach  
  41  4:08  Roach  
  45  4:14  Drone  
  45  4:16  Roach  
  48  4:17  Drone  
  48  4:22  Overlord  
  49  4:26  Overlord  
  49  4:33  Roach  
  51  4:42  Lair  
  51  4:44  Drone x2  
  53  4:48  Roach  
  53  4:49  Roach  
  59  5:07  Roach x3  
  59  5:10  Roach  
  59  5:13  Overlord x2  
  65  5:18  Drone x2  
  51  6:19  Hydralisk Den  
  51  6:21  Drone  
  51  6:22  Roach x2  
  51  6:23  Zergling x4  
  51  6:24  Metabolic Boost  
  57  6:31  Drone x2  
  57  6:32  Drone x3  
  62  6:36  Extractor  
  61  6:40  Extractor  
  61  6:45  Overlord  
  60  6:48  Overseer  
  60  6:52  Grooved Spines  
  60  7:00  Spore Crawler, Drone  
  60  7:03  Drone, Hydralisk x4  
  69  7:10  Glial Reconstitution  
  69  7:16  Drone  
  70  7:25  Hydralisk  
  70  7:29  Hydralisk  
  72  7:30  Hydralisk x3  
  70  8:15  Hydralisk x4  
  70  8:17  Roach x4  
  84  8:29  Hatchery  
  81  8:39  Hatchery  
  81  8:40  Drone x3  
  79  8:48  Drone x5  
  84  9:08  Overlord x2  
  84  9:11  Muscular Augments  
  84  9:12  Tunneling Claws  
  84  9:15  Burrow  
  84  9:20  Overlord  
  84  9:21  Overlord x2  
  84  9:22  Overlord  
  84  9:29  Hydralisk x2  
  88  9:46  Overseer  
  88  10:01  Hydralisk x3  
  94  10:07  Hydralisk  
  94  10:08  Hydralisk x4  
  104  10:14  Spire  
  103  10:24  Queen  
  103  10:25  Drone x2  
  103  10:26  Drone  
  108  10:34  Spore Crawler  
  107  10:37  Hydralisk x5  
  117  10:47  Queen  
  117  10:48  Drone  
  117  10:49  Drone x2  
  122  10:52  Hydralisk x2  
  122  10:54  Roach, Hydralisk x3  
  134  11:05  Overlord  
  134  11:10  Spore Crawler, Drone x2  
  134  11:11  Overlord  
  135  11:20  Extractor  
  135  11:23  Extractor  
  133  11:31  Corruptor x4, Hatchery  
  140  11:33  Corruptor  
  142  11:42  Corruptor x2  
  142  11:46  Zergling x6  
  142  11:47  Zergling x2  
  150  11:53  Overlord x2  
  150  11:54  Overlord  
  144  12:14  Evolution Chamber  
  144  12:15  Corruptor x2  
  139  12:16  Zergling x6, Evolution Chamber  
  139  12:18  Evolution Chamber  
  130  12:30  Hydralisk x3  
  130  12:31  Hydralisk x3  
  120  13:16  Zerg Melee Weapons Level 1, Zerg Ground Armor Level 1, Zerg Missile Weapons Level 1  
  110  13:21  Zergling x6  
  110  13:22  Zergling x10  
  101  13:52  Mutalisk, Hydralisk x2  
  100  14:00  Hydralisk x3  
  96  14:27  Hydralisk x4  
  96  14:28  Hydralisk  
  105  14:40  Drone x3  
  105  14:41  Queen  
  105  14:43  Queen  
  112  15:13  Infestation Pit  
  111  15:14  Drone  
  111  15:15  Drone x5  
  117  15:22  Extractor  
  117  15:24  Extractor, Hydralisk x3  
  117  15:25  Hydralisk x3  
  127  15:43  Zerg Melee Weapons Level 2, Zerg Missile Weapons Level 2  
  127  15:44  Zerg Ground Armor Level 2  
  127  15:49  Zergling x2  
  129  15:50  Zergling x10  
  133  16:05  Hydralisk x2  
  133  16:06  Hydralisk  
  133  16:10  Drone x2  
  133  16:11  Drone  
  132  16:36  Queen  
  132  16:37  Drone x2  
  132  16:38  Drone x3  
  139  16:48  Drone x5  
  139  16:53  Hive  
  96  17:22  Hydralisk x2  
  80  17:23  Hydralisk x3  
  90  17:42  Hydralisk x5  
  100  17:48  Corruptor x5  
  106  18:00  Corruptor x2  
  102  18:14  Hydralisk x3  
Show
View Real Time Build Order
Export as new Build Order

BigTrout Zerg 

Build Orders: Hatch First 

Get SALT Encoding   

  12  0:02  Drone  
  13  0:15  Overlord  
  13  0:18  Drone  
  14  0:33  Drone x2  
  16  0:39  Drone  
  17  0:58  Drone  
  17  1:01  Hatchery  
  17  1:03  Extractor  
  16  1:05  Drone  
  17  1:17  Drone  
  18  1:29  Spawning Pool  
  18  1:32  Drone x2  
  19  1:58  Overlord  
  19  2:00  Drone  
  20  2:12  Drone  
  21  2:20  Roach Warren  
  20  2:27  Drone x4  
  20  2:28  Queen  
  26  2:37  Queen  
  28  2:54  Zergling x6  
  28  2:55  Zergling x2  
  32  3:01  Roach  
  32  3:02  Roach  
  36  3:15  Extractor  
  35  3:39  Drone x2  
  35  3:40  Overlord x2  
  36  3:59  Overlord x2  
  36  4:05  Zergling x2, Roach x2  
  36  4:06  Roach  
  39  4:37  Spore Crawler  
  34  4:40  Spore Crawler  
  34  4:44  Zergling x8, Roach x4  
  45  4:54  Drone x4  
  49  5:08  Ravager  
  49  5:09  Ravager x2  
  49  5:11  Overlord x3  
  34  5:52  Drone x6  
  34  5:54  Queen x2  
  44  6:04  Drone x2  
  46  6:16  Drone x2  
  48  6:31  Queen  
  52  6:48  Lair  
  50  6:59  Drone  
  50  7:00  Drone x5  
  55  7:19  Zergling x4, Roach x2  
  55  7:20  Roach  
  49  8:21  Drone x2  
  49  8:22  Drone x4, Overlord x2  
  50  8:47  Zergling x10  
  55  9:03  Metabolic Boost  
  55  9:05  Nydus Network  
  55  9:09  Evolution Chamber x2  
  52  9:10  Extractor, Drone x6  
  52  9:11  Evolution Chamber  
  56  9:18  Hatchery  
  56  9:21  Extractor x2  
  53  9:30  Extractor  
  52  9:36  Zerg Melee Weapons Level 1, Zerg Ground Armor Level 1, Zerg Missile Weapons Level 1  
  52  9:43  Zergling x4, Roach x2  
  52  9:44  Zergling x4, Roach x2, Hydralisk Den  
  63  10:16  Ravager  
  63  10:17  Ravager x2  
  63  10:18  Hydralisk  
  63  10:19  Hydralisk x2  
  72  10:21  Overlord x3  
  72  10:22  Overlord  
  69  10:41  Hydralisk  
  69  10:42  Hydralisk  
  72  11:11  Zergling x2  
  72  11:12  Zergling x16  
  77  12:00  Hydralisk  
  79  12:01  Hydralisk x8  
  85  12:18  Hydralisk  
  85  12:19  Hydralisk  
  78  12:31  Hydralisk x2  
  72  12:50  Hydralisk x2  
  76  12:56  Spore Crawler  
  76  12:57  Spore Crawler  
  68  13:00  Spore Crawler  
  68  13:02  Spore Crawler  
  68  13:03  Hydralisk x4  
  68  13:04  Spore Crawler  
  58  13:48  Hydralisk x5  
  60  13:49  Zergling x2  
  62  14:37  Zergling x2  
  62  14:38  Zergling x10  
  66  14:42  Zerg Melee Weapons Level 2, Zerg Missile Weapons Level 2  
  65  14:49  Drone x2  
  67  15:05  Hatchery  
  66  15:25  Drone x6  
  72  15:41  Drone x2  
  74  15:45  Queen  
  74  16:12  Queen  
  76  16:51  Zergling x12  
  50  17:21  Hydralisk  
  50  17:22  Hydralisk x3  
Tags
 
Add a new tag
Caveats
  • Supply blocks, unpowered buildings, or Contaminate may cause inaccurate times.
  • Supply counts are checked every 10 seconds.